 Dungeon Crawl Stone Soup version 0.25.0-26-g0c896c7088 (webtiles) character file.

Game seed: 18358036659879619434

521 grindst0ne the Skirmisher (level 7, 0/49 HPs)
             Began as a Human Chaos Knight on July 1, 2020.
             Was a Plaything of Xom.
             Slain by a gnoll (5 damage)
             ... on level 5 of the Dungeon.
             The game lasted 00:05:13 (5273 turns).

grindst0ne the Skirmisher (Human Chaos Knight)      Turns: 5273, Time: 00:05:13

Health: 0/49       AC:  8    Str: 10      XL:     7   Next: 46%
Magic:  8/8        EV:  3    Int: 12      God:    Xom [*.....]
Gold:   212        SH:  0    Dex: 12 (13) Spells: 6/6 levels left

rFire    . . .     SeeInvis +   a - +0 hand axe (chaos)
rCold    . . .     Gourm    .   (no shield)
rNeg     . . .     Faith    +   j - +0 chain mail
rPois    .         Spirit   .   (no helmet)
rElec    .         Reflect  .   (no cloak)
rCorr    .         Harm     .   (no gloves)
MR       +....     Clarity  +   o - +2 pair of boots "Dimpeth" {MR+ SInv Stlth-}
Stlth    ..........             d - amulet of faith
HPRegen  0.16/turn              (no ring)
MPRegen  0.11/turn              (no ring)

@: held
A: clarity, deformed body, deterioration 1, frail 1, weak 2
a: Renounce Religion


You were on level 5 of the Dungeon.
You worshipped Xom.
You were a special plaything of Xom.
You were very hungry.

You visited 1 branch of the dungeon, and saw 5 of its levels.

You collected 212 gold pieces.

Inventory:

Hand Weapons
 a - a +0 hand axe of chaos (weapon)
Missiles
 v - 3 silver boomerangs (quivered)
Armour
 b - a +2 leather armour
 j - a +0 chain mail (worn)
 o - the +2 pair of boots "Dimpeth" (worn) {MR+ SInv Stlth-}
   (Xom gifted it to you on level 2 of the Dungeon)

   It affects your resistance to hostile enchantments.
   It lets you see invisible.
   It makes you less stealthy.
Jewellery
 d - an amulet of faith (around neck)
Wands
 s - a wand of polymorph (9)
 u - a wand of clouds (5)
Scrolls
 g - a scroll of remove curse {unknown}
 h - 4 scrolls of fog {unknown}
 i - 3 scrolls of teleportation {unknown}
 k - 3 scrolls of enchant weapon {unknown}
 l - a scroll of blinking {unknown}
 m - 2 scrolls of identify {unknown}
 p - a scroll of enchant armour {unknown}
 y - a scroll of noise {unknown}
 A - a scroll of fear {unknown}
Potions
 e - a potion of brilliance {unknown}
 f - a potion of curing
 n - a potion of stabbing {unknown}
 q - a potion of heal wounds {unknown}
 r - a potion of lignification {unknown}
 t - 2 potions of invisibility {unknown}
 w - a potion of haste {unknown}
 x - a potion of mutation {unknown}
 z - 2 potions of degeneration {unknown}
Comestibles
 c - 7 rations


   Skills:
 + Level 4.5 Fighting
 + Level 4.5 Axes
 + Level 4.0 Armour
 + Level 3.4 Dodging
 + Level 2.1 Evocations


You had 6 spell levels left.
You didn't know any spells.
Your spell library was empty.

Dungeon Overview and Level Annotations

Branches:
Dungeon (5/15)             Temple (0/1) D:5

Altars:
Hepliaklqana
Sif Muna
Xom

Shops:
D:4 %

Annotations:
D:3 2 runed translucent doors, 2 exclusions, MisterFreud's ghost, amateur MiFi
D:4 3 runed translucent doors, IHuginn's ghost, novice FoFi; LaGuigne83's ghost, amateur MiBe; LaGuigne83's ghost, novice FoFi; bli's ghost, amateur DrTm


Innate Abilities, Weirdness & Mutations

You possess an exceptional clarity of mind.
Armour fits poorly on your strangely shaped body.
Your body sometimes deteriorates upon taking damage.
You are frail. (-10% HP)
You are very weak. (Str -4)


Message History

The gnoll hits you but does no damage. x2
The worm bites you but does no damage.
You feel better. The gnoll hits you but does no damage.
The gnoll hits you from afar with a +2 spear of venom.
* * * LOW HITPOINT WARNING * * *
You are lethally poisoned!
The gnoll hits you but does no damage.
You feel better.
You are feeling very hungry.
The gnoll hits you from afar with a +2 spear of venom.
* * * LOW HITPOINT WARNING * * *
The gnoll hits you but does no damage. The worm bites you.
* * * LOW HITPOINT WARNING * * *
The gnoll hits you but does no damage.
You struggle against the net.
The gnoll hits you from afar with a +2 spear of venom.
* * * LOW HITPOINT WARNING * * *
The gnoll hits you.
You die...
Xom laughs nastily!

..###.##....#.#......#.........##
..........### .......##...##...#
#..##..##.....##.........##...##
##.)#.######.## #......## #.^..
.))##.# ..# #.#....## ##...
...##.#### ..## #.......#.#...
...##.##.##..####g..........
....#.#......##..g..>######.
##....##........@wg..#
###.......###.###..)(..#
#........## #......# #.......##
##.##..# ..........# #.. ....
...#......# ..!.#.## ## #...##..
...# . ..## ... ... ...#


You could see a worm and 3 gnolls.

Vanquished Creatures
  A bullfrog (D:5)
  2 scorpions (D:5)
  A crimson imp (D:5)
  2 hounds
  An orc wizard (D:3)
  2 worker ants
  8 adders
  A river rat (D:1)
  An ooze (D:3)
  2 worms
  3 dart slugs
  3 leopard geckos
  9 orcs
  A ball python (D:5)
  3 giant cockroaches
  6 hobgoblins
  4 jackals (D:2)
  2 quokkas
  9 bats
  5 frilled lizards
  8 goblins
  7 kobolds
  10 rats
91 creatures vanquished.

Vanquished Creatures (collateral kills)
  An adder (D:3)
1 creature vanquished.

Vanquished Creatures (others)
  A goblin (D:1)
1 creature vanquished.

Grand Total: 93 creatures vanquished

Notes
Turn   | Place    | Note
-------+----------+-------------------------------------------
     0 | D:1      | grindst0ne the Human Chaos Knight began the quest for the
                  | Orb.
     0 | D:1      | Reached XP level 1. HP: 18/18 MP: 1/1
   115 | D:1      | Reached XP level 2. HP: 10/24 MP: 2/2
   375 | D:1      | XOM: cast spell 'Olgreb's Toxic Radiance'
   707 | D:1      | Reached XP level 3. HP: 27/29 MP: 3/3
   878 | D:1      | XOM: cloud trail
   888 | D:1      | XOM: silly message
   943 | D:1      | XOM: divination: magic mapping
  1090 | D:1      | XOM: enchant monster (bad)
  1302 | D:1      | XOM: noise
  1360 | D:2      | Reached XP level 4. HP: 26/35 MP: 4/4
  1801 | D:2      | Found a faded altar of an unknown god.
  1812 | D:2      | XOM: noise
  1952 | D:2      | XOM: 2-stop teleportation journey
  1995 | D:2      | XOM: god gift: pair of buzzing boots {god gift}
  1998 | D:2      | Got a pair of buzzing boots {god gift}
  2004 | D:2      | Identified the +2 pair of boots "Dimpeth" {MR+ SInv Stlth-}
                  | (Xom gifted it to you on level 2 of the Dungeon)
  2245 | D:2      | XOM: god gift: blackened wooden wand {god gift}
  2264 | D:2      | Reached XP level 5. HP: 41/41 MP: 5/5
  2356 | D:2      | XOM: scenery: create altars
  2680 | D:3      | XOM: cast spell 'Summon Mana Viper'
  2808 | D:3      | XOM: god gift: wand of clouds (5)
  2972 | D:3      | Found a runed translucent door.
  3096 | D:3      | Noticed MisterFreud's ghost (amateur MiFi)
  3196 | D:3      | Reached XP level 6. HP: 45/48 MP: 6/6
  3269 | D:3      | Found a shimmering blue altar of Sif Muna.
  3316 | D:3      | XOM: give mutation
  3316 | D:3      | Gained mutation: You possess an exceptional clarity of
                  | mind. [Xom's grace]
  3462 | D:3      | Found a runed translucent door.
  3504 | D:4      | XOM: scenery: create altars
  3565 | D:4      | XOM: summons 3 hostile shadow creatures
  3566 | D:4      | Noticed a necrophage
  3613 | D:4      | XOM: 2-stop teleportation journey
  3615 | D:4      | XOM: give mutations
  3615 | D:4      | Gained mutation: You are frail. (-10% HP) [Xom's mischief]
  3615 | D:4      | Gained mutation: Your body sometimes deteriorates upon
                  | taking damage. [Xom's mischief]
  3615 | D:4      | Gained mutation: Armour fits poorly on your strangely
                  | shaped body. [Xom's mischief]
  3615 | D:4      | Gained mutation: You are dopey. (Int -2) [Xom's mischief]
  3621 | D:4      | Found Iwismueheg's Food Shoppe.
  3621 | D:4      | XOM: 1-stop teleportation journey
  3901 | D:4      | XOM: noise
  4001 | D:4      | Reached skill level 1 in Evocations
  4079 | D:4      | XOM: give mutation
  4079 | D:4      | Gained mutation: You are weak. (Str -2) [Xom's mischief]
  4203 | D:4      | XOM: 1-stop teleportation journey
  4288 | D:4      | Noticed IHuginn's ghost (novice FoFi)
  4288 | D:4      | Noticed bli's ghost (amateur DrTm)
  4289 | D:4      | Noticed LaGuigne83's ghost (amateur MiBe)
  4291 | D:4      | Found a runed translucent gate.
  4291 | D:4      | Found a runed translucent gate.
  4292 | D:4      | Found a runed translucent gate.
  4292 | D:4      | Noticed LaGuigne83's ghost (novice FoFi)
  4399 | D:4      | XOM: give mutations
  4399 | D:4      | Gained mutation: You are very weak. (Str -4) [Xom's
                  | mischief]
  4399 | D:4      | Lost mutation: You are dopey. (Int -2) [Xom's mischief]
  4478 | D:4      | Found a hazy altar of Hepliaklqana.
  4479 | D:4      | Found a shimmering altar of Xom.
  4480 | D:4      | Noticed a spectral ugly thing
  4480 | D:4      | Noticed an ogre
  4546 | D:4      | XOM: noise
  4594 | D:5      | Entered Level 5 of the Dungeon
  4607 | D:5      | XOM: blink monster(s)
  4634 | D:5      | Found a staircase to the Ecumenical Temple.
  4679 | D:5      | Reached XP level 7. HP: 32/49 MP: 6/8
  4902 | D:5      | XOM: torment (18/49 hp)
  5262 | D:5      | XOM: 4-stop teleportation journey
  5269 | D:5      | XOM: enchant monster (bad)
  5273 | D:5      | Slain by a gnoll

Illustrated notes

Levels and vault maps discovered:
D:1:      tarquinn_simple_flora_water_d, layout_loops_corners,
          serial_bayou_crossing
D:2:      layout_basic, chequers_ecumenical_altar_simple_redux, first_ration,
          minmay_pentomino_t2
D:3:      layout_loops_ring, led_sif_book, ebering_ghost_sewer_f
D:4:      layout_loops_corners, regret_index_temple_of_mockery, serial_shops,
          nicolae_shop_waterfront, gammafunk_ghost_cemetery
D:5:      layout_cave_pools, kennysheep_mini_moat,
          minmay_temple_entry_from_below_a

Skill      XL: |  1  2  3  4  5  6  7 |
---------------+----------------------+-----
Dodging        | 2 3 |  3.4
Armour         | 3 4 |  4.0
Fighting       | 4 |  4.5
Axes           | 4 |  4.5
Evocations     | 1 2 |  2.1

Action                   |  1- 3 |  4- 6 |  7- 9 || total
-------------------------+-------+-------+-------++-------
Melee: Hand axe          |    63 |   234 |    27 ||   324
Throw: Boomerang         |       |       |     3 ||     3
  Use: Potion            |       |       |     3 ||     3
 Stab: Sleeping          |     1 |       |     1 ||     2
       Paralysed         |       |     2 |       ||     2
       Petrified         |       |     1 |       ||     1
  Eat: Chunk             |     1 |    10 |     2 ||    13
Armor: Leather armour    |    39 |    36 |       ||    75
       Chain mail        |       |   117 |    26 ||   143
Dodge: Dodged            |    30 |   121 |    14 ||   165
